 Dungeon Crawl Stone Soup version 0.28-b1-1-g3c77fb2ed1 (webtiles) character file.

Game seed: 9577782429881108249

1702 belegose the Sneak (level 8, -2/68 HPs)
             Began as a Purple Draconian Brigand on Jan 30, 2022.
             Was a Priest of Zin.
             Slain by a gnoll (5 damage)
             ... on level 6 of the Dungeon.
             The game lasted 00:18:00 (7747 turns).

belegose the Sneak (Purple Draconian Brigand)       Turns: 7747, Time: 00:18:00

Health: -2/68      AC:  7    Str: 13    XL:     8   Next: 73%
Magic:  9/9        EV: 13    Int: 11    God:    Zin [***...]
Gold:   347        SH:  0    Dex: 16    Spells: 7/7 levels left

rFire   + . .      SeeInvis .   q - +2 battleaxe (freeze)
rCold   . . .      Faith    .   (shield currently unavailable)
rNeg    . . .      Spirit   .   (armour unavailable)
rPois   +          Reflect  .   (helmet restricted)
rElec   .          Harm     .   b - +0 cloak
rCorr   .          Rampage  .   (no gloves)
Will    +....                   (no boots)
Stlth   +++.......              k - amulet of the acrobat
HPRegen 0.21/turn               e - ring of protection from fire
MPRegen 0.11/turn               G - ring of poison resistance

@: no status effects
A: breathe power, AC +6, unfitting armour, cold-blooded
a: Breathe Dispelling Energy, Renounce Religion, Recite, Vitalisation, Imprison,
Donate Gold


You were on level 6 of the Dungeon.
You worshipped Zin.
Zin was most pleased with you.
You visited 2 branches of the dungeon, and saw 7 of its levels.

You collected 385 gold pieces.
You donated 38 gold pieces to Zin.

Inventory:

Hand Weapons
 a - a +2 dagger
 q - a +2 battleaxe of freezing (weapon)
 A - a +2 spear of venom
Missiles
 c - 32 poisoned darts (quivered)
 d - 2 curare-tipped darts
 g - 175 stones
 n - 19 sling bullets
 w - a throwing net
 B - 52 bolts
Armour
 b - a +0 cloak (worn)
 J - a +0 buckler
Magical Staves
 o - a staff of cold
Jewellery
 e - a ring of protection from fire (left hand)
 k - an amulet of the acrobat (around neck)
 s - a ring of positive energy
 t - the ring "Kiagiqib" {Ice rElec Will+}
   (You found it on level 3 of the Dungeon)

   [ring of ice]

   It enhances your ice magic.
   rF:        It makes you vulnerable to fire.
   rC:        It protects you from cold.
   rElec:     It insulates you from electricity.
   Will:      It increases your willpower.
 G - a ring of poison resistance (right hand)
Wands
 C - a wand of mindburst (21)
 H - a wand of digging (6)
Scrolls
 f - a scroll of fear {unknown}
 l - a scroll of enchant weapon {unknown}
 m - 4 scrolls of identify {unknown}
 r - 2 scrolls of magic mapping {unknown}
 u - 2 scrolls of teleportation {unknown}
 x - a scroll of vulnerability {unknown}
 y - a scroll of noise {unknown}
 E - a scroll of holy word {unknown}
 F - a scroll of summoning {unknown}
Potions
 h - 2 potions of curing
 i - a potion of lignification {unknown}
 j - 2 potions of flight {unknown}
 p - a potion of haste {unknown}
 v - 2 potions of resistance {unknown}
 z - 3 potions of heal wounds {unknown}
 D - a potion of mutation {unknown}
 I - a potion of might {unknown}


   Skills:
 + Level 5.3 Fighting
 - Level 2.5 Short Blades
 + Level 3.9 Axes
 + Level 4.3 Throwing
 + Level 4.0 Dodging
 + Level 5.8 Stealth
 + Level 2.3 Invocations
 + Level 4.4 Evocations


You had 7 spell levels left.
You didn't know any spells.
Your spell library was empty.

Dungeon Overview and Level Annotations

Branches:
Dungeon (6/15)             Temple (1/1) D:5

Altars:
Ashenzari
Cheibriados
Dithmenos
Elyvilon
Fedhas
Gozag
Hepliaklqana
Kikubaaqudgha
Okawaru
Qazlal
Ru
Sif Muna
Trog
Wu Jian
Yredelemnul
Zin
The Shining One

Shops:
D:4 *

Annotations:
D:4 3 runed translucent doors, exclusion: 3 doors, Ekaitz's ghost, weakling DsNe
D:6 Sigmund


Innate Abilities, Weirdness & Mutations

You can breathe bolts of dispelling energy.
Your rich purple scales are hard. (AC +6)
You cannot fit into any form of body armour.
You are cold-blooded and may be slowed by cold attacks.


Message History

You feel sick.
Unknown command.
You start resting.
You feel sick. x3
You are no longer poisoned.
You start resting.
A gnoll comes into view. It is wielding a +0 spear.
Unknown command.
A gnoll comes into view. It is wielding a +0 spear.
Things that are here:
a +0 trident; a +0 club; a gnoll corpse You see here a +0 flail.
Sigmund shouts!
Sigmund completely misses you.
The gnoll shouts!
The gnoll completely misses you. The gnoll misses you.
Sigmund casts a spell.
Sigmund flickers and vanishes!
Deactivating autopickup; reactivate with Ctrl-A.
The gnoll sergeant shouts!
You hear a shout! x3
The gnoll sergeant hits you with a +1 trident of protection!
A gnoll comes into view. It is wielding a +0 whip.
Unknown command.
Aiming: Dig
Press: ? - help, Shift-Dir - straight line A rock wall.
The rock shatters into small pieces.
You closely miss the gnoll. You closely miss the gnoll sergeant.
The gnoll closely misses you.
The gnoll sergeant hits you with a +1 trident of protection.
* * * LOW HITPOINT WARNING * * *
The gnoll hits you with a +0 whip.
* * * LOW HITPOINT WARNING * * *
The gnoll completely misses you.
You barely miss the gnoll. You barely miss the gnoll sergeant.
The gnoll sergeant hits you with a +1 trident of protection!
* * * LOW HITPOINT WARNING * * *
The gnoll misses you.
The gnoll hits you from afar with a +0 spear.
You die...

..###.##.# #.# #.#
#.# #. .........#
#g. #.# #.### #.
.###..############..
....# #g
...............#
#.#######.#.# #.
......########.#
#....g..#.#.# #.
.###..# #g#
#.####....#.###.
.###..# #.# #.#
#.......... ......#
#g###<####.####.####
.###..#
#>.@g..).#........#
## #..#
###g#.##.######.#.#
...# #.#.#...##
#.#.# ###.#
#.#>.#.#.####.#.#
#.#
#.#...........#.#
#.# #.##.#.#<##
###.# #.###...## #.#
#.# ##.### #.# #...#
##.##


You could see a gnoll sergeant and 2 gnolls.

Vanquished Creatures
  A centaur zombie (D:6)
  A steam dragon (D:4)
  3 black bears
  A phantom (D:5)
  2 scorpions (D:5)
  A gnoll sergeant (D:6)
  A wyvern skeleton (D:6)
  A howler monkey (D:6)
  Crazy Yiuf (D:6)
  2 centaur skeletons
  A jelly (D:4)
  A hound (D:5)
  3 orc priests
  Jessica (D:3)
  3 iguanas (D:5)
  An orc wizard (D:5)
  2 hound skeletons
  10 gnolls
  A howler monkey skeleton (D:5)
  5 adders
  A shadow imp (D:6)
  2 ufetubi (D:4)
  3 adder skeletons
  A worm (D:4)
  A dart slug (D:3)
  16 orcs
  6 ball pythons
  7 endoplasms
  3 giant cockroaches
  3 hobgoblins
  2 jackals (D:3)
  A quokka (D:3)
  5 bats
  A frilled lizard (D:2)
  8 goblins
  13 kobolds
  10 rats
125 creatures vanquished.

Notes
Turn   | Place    | Note
-------+----------+-------------------------------------------
     0 | D:1      | belegose the Draconian Brigand began the quest for the Orb.
     0 | D:1      | Reached XP level 1. HP: 17/17 MP: 1/1
   192 | D:1      | Reached skill level 1 in Dodging
   787 | D:1      | Reached XP level 2. HP: 25/25 MP: 2/2
  1407 | D:2      | Reached XP level 3. HP: 30/30 MP: 3/3
  2024 | D:3      | Found a stormy altar of Qazlal.
  2042 | D:3      | Noticed Jessica
  2072 | D:3      | Killed Jessica
  2073 | D:3      | Reached XP level 4. HP: 20/37 MP: 4/4
  2820 | D:3      | Reached skill level 1 in Axes
  2820 | D:3      | Reached skill level 1 in Evocations
  2927 | D:3      | Reached XP level 5. HP: 45/45 MP: 5/5
  3055 | D:3      | Identified the ring "Kiagiqib" {Ice rElec Will+}
  3865 | D:4      | Found Liyj's Lightly-Used Armoury.
  3913 | D:4      | Found a blossoming altar of Fedhas.
  4005 | D:4      | Found a broken altar of Ashenzari.
  4010 | D:4      | Saw a vision of the Shoals and the Spider Nest.
  4010 | D:4      | Noticed a sea snake
  4010 | D:4      | Noticed a centaur
  4010 | D:4      | Noticed a merfolk
  4010 | D:4      | Noticed a merfolk
  4010 | D:4      | Noticed a redback
  4010 | D:4      | Noticed a redback
  4010 | D:4      | Noticed a wind drake
  4010 | D:4      | Noticed a redback
  4010 | D:4      | Noticed a merfolk siren
  4010 | D:4      | Noticed a centaur
  4010 | D:4      | Noticed a redback
  4010 | D:4      | Noticed a merfolk
  4010 | D:4      | Noticed a sea snake
  4010 | D:4      | Noticed a merfolk siren
  4012 | D:4      | Noticed a sea snake
  4038 | D:4      | Found a runed translucent gate.
  4038 | D:4      | Found a runed translucent gate.
  4038 | D:4      | Found a runed translucent gate.
  4038 | D:4      | Noticed Ekaitz's ghost (weakling DsNe)
  4049 | D:4      | Noticed an ogre
  4091 | D:4      | Reached XP level 6. HP: 35/51 MP: 6/6
  4316 | D:4      | Noticed a moth of wrath
  4319 | D:4      | Found a bloodstained altar of Trog.
  4477 | D:4      | Noticed a steam dragon
  4530 | D:4      | Killed a steam dragon
  4531 | D:4      | Your scales start taking on a rich purple colour.
  4531 | D:4      | Reached XP level 7. HP: 47/59 MP: 7/7
  4923 | D:5      | Entered Level 5 of the Dungeon
  4966 | D:5      | Reached skill level 5 in Stealth
  5410 | D:5      | Found a staircase to the Ecumenical Temple.
  5463 | Temple   | Entered the Ecumenical Temple
  5648 | D:5      | Found a glowing silver altar of Zin.
  5662 | D:5      | Became a worshipper of Zin the Law-Giver
  5662 | D:5      | Reached * piety under Zin
  5740 | D:5      | Reached XP level 8. HP: 59/67 MP: 8/8
  6106 | D:5      | Reached skill level 1 in Invocations
  6398 | D:5      | Reached ** piety under Zin
  6522 | D:5      | Found a shimmering blue altar of Sif Muna.
  6723 | D:6      | Noticed Sigmund
  7143 | D:6      | Found a runed translucent door.
  7144 | D:6      | Noticed Crazy Yiuf
  7158 | D:6      | Killed Crazy Yiuf
  7300 | D:6      | Found a white marble altar of Elyvilon.
  7344 | D:6      | Reached *** piety under Zin
  7375 | D:6      | Reached skill level 5 in Fighting
  7600 | D:6      | Found a shadowy altar of Dithmenos.
  7747 | D:6      | HP: 3/68 [gnoll sergeant (10)]
  7747 | D:6      | Slain by a gnoll

Illustrated notes

Levels and vault maps discovered:
D:1:      wander_arrival_estate, layout_basic
D:2:      layout_basic, grunt_ministairs_1
D:3:      layout_loops_ring, mainiacjoe_overflow_alcove_4, serial_bayou_pond_c,
          uniq_jessica
D:4:      minmay_chambers_of_fours, layout_basic, grunt_ashenzari_visionary
          [grunt_ashenzari_visionary_shoals, grunt_ashenzari_visionary_spider],
          fedhas_altar_fruit_tree, tgw_trog, gammafunk_ghost_split,
          minmay_shop_damaged
D:5:      layout_loops_ring, lemuel_crystal_altar,
          nicolae_sif_muna_little_library, minmay_temple_entry_sparse_star
D:6:      layout_loops_ring, amcnicky_altar_gilded, elyvilon_altar_5,
          minitemple, uniq_sigmund, uniq_eustachio, uniq_crazy_yiuf_cottage
Temple:   kb_temple_of_zot

Skill      XL: |  1  2  3  4  5  6  7  8 |
---------------+-------------------------+-----
Dodging        | 1 2 3 4 |  4.0
Throwing       | 2 3 4 |  4.3
Stealth        | 4 5 |  5.8
Fighting       | 3 4 5 |  5.3
Axes           | 1 2 3 |  3.9
Evocations     | 1 2 3 4 |  4.4
Invocations    | 2 |  2.3
Short Blades   | |  2.5

Action                   |  1- 3 |  4- 6 |  7- 9 || total
-------------------------+-------+-------+-------++-------
Melee: Dagger            |    69 |       |       ||    69
       Tailslap          |     6 |    14 |    28 ||    48
       Battleaxe         |    35 |   114 |   140 ||   289
       Punch             |     1 |       |       ||     1
Throw: Dart              |       |     6 |     3 ||     9
 Abil: Breathe Dispellin |       |       |     2 ||     2
Evoke: Wand              |       |       |     1 ||     1
  Use: Potion            |     1 |       |       ||     1
 Stab: Sleeping          |     6 |    13 |     8 ||    27
Armor: Skin              |    30 |    41 |    54 ||   125
Dodge: Dodged            |    72 |    94 |   144 ||   310
